Map: Fields of Shazir

Players

Loken

  • Race: Protoss Protoss
  • League: Platinum
  • Spawn Location: 9:00

dallaskuken

  • Race: Protoss Protoss
  • League: Platinum
  • Spawn Location: 9:00

TimeTwist

  • Race: Zerg Zerg
  • Spawn Location: 7:00

unholyGisMo

  • Race: Terran Terran
  • Spawn Location: 5:00

Donkz

  • Race: Protoss Protoss
  • Spawn Location: 3:00

Didi

  • Race: Protoss Protoss
  • League: Diamond
  • Spawn Location: 3:00

VOD

Have the link to the VOD?

Description

Time

  • Played on: March 22, 2017, 3:21 a.m.
  • Length: 12:17
Show
View Real Time Build Order
Export as new Build Order

Loken Protoss 

Build Orders:  

Get SALT Encoding   

  12  0:02  Probe (Chrono Boost)  
  13  0:12  Probe (Chrono Boost)  
  14  0:23  Probe (Chrono Boost)  
  14  0:25  Pylon  
  15  0:43  Probe (Chrono Boost)  
  15  0:47  Forge  
  16  0:54  Probe (Chrono Boost)  
  16  0:56  Gateway  
  17  1:05  Probe (Chrono Boost)  
  18  1:19  Pylon  
  18  1:21  Photon Cannon  
  18  1:30  Photon Cannon  
  18  1:32  Probe (Chrono Boost)  
  19  1:56  Cybernetics Core  
  19  2:04  Pylon  
  19  2:25  Photon Cannon  
  18  2:43  Assimilator  
  18  2:45  Nexus  
  18  2:47  Assimilator  
  18  2:49  Probe (Chrono Boost)  
  19  2:54  Pylon  
  19  2:59  Probe (Chrono Boost)  
  20  3:10  Probe (Chrono Boost)  
  21  3:21  Probe (Chrono Boost)  
  21  3:22  Warp Gate  
  22  3:30  Pylon  
  22  3:31  Probe (Chrono Boost)  
  22  3:34  Pylon  
  23  3:37  Assimilator  
  23  3:41  Assimilator  
  23  3:42  Probe (Chrono Boost)  
  24  3:51  Stargate  
  24  3:52  Probe (Chrono Boost)  
  25  4:01  Photon Cannon  
  25  4:03  Probe (Chrono Boost)  
  26  4:10  Pylon  
  26  4:13  Probe x2 (Chrono Boost)  
  28  4:22  Photon Cannon  
  28  4:24  Probe (Chrono Boost)  
  29  4:26  Probe (Chrono Boost)  
  30  4:34  Probe (Chrono Boost)  
  30  4:37  Probe (Chrono Boost)  
  32  4:41  Stargate  
  32  4:47  Probe (Chrono Boost)  
  33  4:57  Probe (Chrono Boost)  
  33  4:58  Probe (Chrono Boost)  
  35  5:08  Probe x2 (Chrono Boost)  
  37  5:16  Protoss Air Weapons Level 1  
  37  5:18  Probe (Chrono Boost)  
  37  5:19  Probe (Chrono Boost)  
  39  5:25  Fleet Beacon  
  39  5:29  Probe x2 (Chrono Boost)  
  41  5:39  Probe (Chrono Boost)  
  41  5:40  Pylon, Probe (Chrono Boost)  
  43  5:50  Probe (Chrono Boost)  
  43  5:53  Probe (Chrono Boost)  
  45  5:58  Photon Cannon  
  45  6:01  Photon Cannon, Probe (Chrono Boost)  
  46  6:11  Pylon  
  56  6:37  Photon Cannon  
  56  6:38  Photon Cannon  
  53  6:46  Sentry  
  25  7:14  Photon Cannon  
  25  7:15  Photon Cannon  
  25  7:16  Photon Cannon  
  25  7:21  Photon Cannon  
  25  7:22  Nexus  
  25  7:24  Photon Cannon  
  25  7:27  Photon Cannon  
  25  7:31  Photon Cannon x2  
  25  7:36  Pylon  
  25  7:41  Stalker  
  26  8:00  Cybernetics Core  
  26  8:11  Pylon  
  26  8:15  Photon Cannon  
  26  8:17  Photon Cannon  
  21  8:57  Nexus  
  15  9:03  Probe (Chrono Boost)  
  7  9:13  Probe (Chrono Boost)  
  7  9:24  Probe (Chrono Boost)  
  8  9:34  Probe (Chrono Boost)  
  9  9:57  Probe (Chrono Boost)  
  10  10:08  Probe (Chrono Boost)  
  11  10:18  Probe (Chrono Boost)  
  8  10:36  Probe (Chrono Boost)  
  9  10:47  Probe (Chrono Boost)  
  10  10:57  Probe (Chrono Boost)  
  11  11:08  Probe (Chrono Boost)  
  13  11:18  Probe (Chrono Boost)  
  13  11:29  Probe (Chrono Boost)  
Show
View Real Time Build Order
Export as new Build Order

dallaskuken Protoss 

Build Orders: Cannon Rush 

Get SALT Encoding   

  12  0:14  Pylon  
  12  0:32  Forge  
  12  0:35  Probe (Chrono Boost)  
  13  0:46  Probe (Chrono Boost)  
  14  0:54  Pylon  
  14  1:14  Photon Cannon  
  14  1:21  Photon Cannon  
  14  1:35  Photon Cannon  
  14  1:38  Pylon  
  14  1:51  Photon Cannon  
  14  2:12  Pylon  
  14  2:31  Photon Cannon  
  14  2:43  Probe (Chrono Boost)  
  14  2:54  Probe (Chrono Boost)  
  15  3:04  Gateway, Probe (Chrono Boost)  
  16  3:09  Pylon  
  16  3:15  Assimilator, Probe (Chrono Boost)  
  16  3:19  Assimilator  
  17  3:25  Probe (Chrono Boost)  
  18  3:36  Probe (Chrono Boost)  
  19  3:47  Probe (Chrono Boost)  
  20  3:55  Cybernetics Core  
  20  3:57  Probe (Chrono Boost)  
  21  4:07  Photon Cannon  
  21  4:08  Probe (Chrono Boost)  
  21  4:09  Photon Cannon  
  16  4:18  Probe (Chrono Boost)  
  9  4:38  Probe (Chrono Boost)  
  7  4:48  Probe (Chrono Boost)  
  8  4:59  Probe (Chrono Boost)  
  9  5:10  Probe (Chrono Boost)  
  10  5:20  Probe (Chrono Boost)  
  11  5:31  Probe (Chrono Boost)  
  12  5:41  Probe (Chrono Boost)  
  13  5:52  Probe (Chrono Boost)  
  14  6:02  Probe (Chrono Boost)  
  15  6:07  Stargate  
  15  6:13  Probe (Chrono Boost)  
  16  6:23  Probe (Chrono Boost)  
  17  6:34  Probe (Chrono Boost)  
  18  6:44  Probe (Chrono Boost)  
  19  6:51  Void Ray  
  23  6:55  Probe (Chrono Boost)  
  24  7:05  Probe (Chrono Boost)  
  25  7:16  Probe (Chrono Boost)  
  26  7:26  Probe (Chrono Boost)  
  27  7:33  Void Ray  
  27  7:34  Stargate  
  31  7:37  Pylon  
  31  7:38  Pylon  
  31  7:56  Probe (Chrono Boost)  
  32  8:18  Void Ray  
  32  8:19  Void Ray  
  40  8:26  Pylon x2  
  40  9:01  Void Ray  
  40  9:02  Void Ray  
  48  9:44  Void Ray  
  52  9:50  Void Ray  
  56  10:21  Pylon x2  
  56  10:27  Void Ray  
  60  10:39  Void Ray  
  64  11:18  Nexus  
  64  11:21  Assimilator  
  64  11:25  Assimilator  
  64  11:28  Pylon  
Show
View Real Time Build Order
Export as new Build Order

TimeTwist Zerg 

Build Orders: Hatch First 

Get SALT Encoding   

  12  0:01  Drone  
  13  0:12  Overlord  
  13  0:20  Drone  
  14  0:31  Drone x2  
  14  0:35  Drone  
  17  0:45  Drone  
  18  0:59  Hatchery  
  17  1:12  Spawning Pool  
  17  1:15  Drone  
  17  1:19  Drone  
  17  1:24  Drone  
  19  1:31  Drone  
  20  1:35  Extractor  
  20  1:39  Overlord  
  19  2:01  Queen, Drone x2  
  23  2:18  Queen, Drone x2  
  27  2:29  Drone x2  
  29  2:34  Drone x2  
  31  2:37  Queen  
  31  2:43  Overlord  
  33  2:45  Drone  
  34  3:04  Drone, Overlord  
  35  3:13  Roach Warren  
  35  3:15  Lair  
  35  3:17  Drone x2  
  35  3:18  Drone x4  
  40  3:22  Queen  
  42  3:39  Extractor  
  41  3:42  Drone x5  
  41  3:43  Drone  
  41  3:45  Drone, Overlord  
  48  3:55  Hatchery  
  47  4:07  Spore Crawler  
  47  4:09  Spore Crawler  
  45  4:12  Extractor  
  45  4:15  Extractor  
  43  4:32  Drone x4  
  43  4:33  Drone x5, Overlord  
  43  4:34  Glial Reconstitution  
  52  4:42  Hydralisk Den  
  51  4:54  Drone x3  
  54  5:22  Muscular Augments, Hydralisk x5  
  54  5:25  Spore Crawler  
  54  5:27  Drone x3  
  66  5:34  Queen  
  66  5:35  Drone x2  
  70  5:39  Extractor  
  70  5:40  Extractor  
  68  5:44  Drone x4  
  68  5:45  Evolution Chamber x2  
  68  5:48  Overlord x2  
  70  5:50  Drone x4  
  74  6:06  Overlord x2  
  74  6:09  Queen  
  76  6:16  Zerg Ground Armor Level 1, Zerg Missile Weapons Level 1  
  76  6:20  Roach x4  
  76  6:21  Roach x3  
  90  6:36  Roach x5  
  90  6:39  Roach x3  
  106  6:41  Overlord x2  
  106  6:44  Overlord  
  106  6:52  Overseer x3  
  106  6:59  Hydralisk x3  
  106  7:00  Hydralisk  
  114  7:14  Hydralisk x4  
  114  7:15  Hydralisk  
  124  7:19  Drone x2  
  126  7:30  Drone x4  
  130  7:46  Overlord x3  
  130  7:48  Overlord  
  130  8:04  Hatchery  
  123  8:11  Hydralisk  
  123  8:12  Zergling x2, Hydralisk x2  
  104  8:13  Zergling x14  
  104  8:14  Zergling x2  
  92  8:29  Roach x4  
  92  8:30  Roach  
  102  8:37  Hatchery  
  101  8:52  Roach x6  
  112  9:14  Hydralisk x5  
  112  9:15  Hydralisk x6  
  126  9:43  Zerg Missile Weapons Level 2, Zerg Ground Armor Level 2  
  126  9:44  Hydralisk x3  
  126  9:45  Hydralisk x3  
  136  9:46  Overlord x2  
  136  9:47  Hatchery  
  137  9:57  Overseer x2  
  133  10:16  Lurker Den  
  133  10:18  Overlord x2  
  133  10:19  Overlord x2  
  133  10:20  Hatchery, Roach x3, Hydralisk  
  134  10:47  Hydralisk  
  134  10:48  Hydralisk x6  
  134  10:49  Hydralisk x3  
  154  11:01  Burrow  
  154  11:03  Infestation Pit  
  107  11:26  Roach x4  
  107  11:27  Roach x7, Hydralisk  
Show
View Real Time Build Order
Export as new Build Order

unholyGisMo Terran 

Build Orders: MMM Bio 

Get SALT Encoding   

  12  0:01  SCV  
  13  0:13  SCV  
  14  0:19  Supply Depot  
  14  0:25  SCV  
  15  0:32  Refinery  
  15  0:41  SCV  
  16  0:53  SCV  
  17  0:57  Barracks  
  17  1:05  SCV  
  18  1:11  Barracks  
  18  1:17  SCV  
  19  1:23  Refinery  
  19  1:29  SCV  
  20  1:35  Supply Depot  
  19  2:20  Barracks Tech Lab  
  19  2:31  Orbital Command  
  19  2:36  Barracks Tech Lab  
  19  2:41  Marauder  
  21  2:50  Refinery  
  21  2:53  Concussive Shells  
  21  3:03  SCV  
  22  3:10  Refinery  
  22  3:15  Marauder  
  24  3:22  Supply Depot  
  24  3:23  Marauder  
  26  3:36  Marauder, SCV  
  29  3:48  SCV  
  30  3:51  Marauder  
  32  3:57  Marauder  
  32  4:00  SCV  
  35  4:13  Marauder  
  37  4:19  Marauder  
  39  4:26  Supply Depot  
  39  4:27  Supply Depot  
  39  4:31  SCV  
  39  4:32  Stimpack  
  39  4:34  Marauder  
  42  4:40  Marine  
  42  4:44  SCV  
  42  4:55  Marine  
  43  5:04  Command Center  
  43  5:06  Combat Shields  
  43  5:15  Engineering Bay  
  43  5:23  Engineering Bay  
  43  5:26  SCV  
  44  5:34  Factory  
  44  5:38  SCV  
  44  5:42  Terran Infantry Weapons Level 1  
  45  5:48  Terran Infantry Armor Level 1  
  45  5:51  SCV  
  45  5:54  Marine  
  45  5:55  Marine  
  48  6:06  SCV  
  49  6:11  Marine  
  49  6:13  Marine  
  49  6:16  Orbital Command  
  51  6:18  SCV  
  51  6:24  Starport, Factory Reactor  
  52  6:29  Marine  
  52  6:31  Marine  
  54  6:33  SCV  
  54  6:38  Missile Turret  
  55  6:44  SCV  
  55  6:45  SCV  
  57  6:47  Marine  
  57  6:49  Marine  
  57  6:52  Armory  
  59  6:56  SCV  
  59  6:57  SCV  
  61  7:05  Marine  
  61  7:06  Marine  
  63  7:08  SCV  
  63  7:09  SCV  
  63  7:11  Supply Depot  
  63  7:12  Supply Depot  
  65  7:19  Medivac x2  
  65  7:20  SCV  
  65  7:21  SCV  
  71  7:23  Marine  
  71  7:24  Marine  
  73  7:40  Marine  
  73  7:41  SCV  
  73  7:42  SCV, Marine  
  77  7:48  Terran Infantry Weapons Level 2  
  77  7:51  Barracks  
  77  7:53  Barracks  
  77  7:58  Terran Infantry Armor Level 2, Marine  
  77  7:59  SCV x2  
  77  8:00  Marine  
  77  8:01  Refinery  
  80  8:11  SCV x2  
  63  8:18  Marauder x2  
  64  8:26  Medivac  
  66  8:28  SCV x2  
  68  8:39  Marine x2  
  68  8:40  SCV  
  68  8:41  SCV  
  72  8:42  Barracks Reactor x2  
  72  8:47  Medivac  
  74  8:53  SCV x2  
  76  8:56  Medivac, Command Center  
  76  8:57  Marine x2  
  80  9:05  Supply Depot  
  80  9:08  Supply Depot  
  80  9:10  Supply Depot  
  80  9:12  Supply Depot  
  80  9:15  Marine x2  
  82  9:17  Medivac  
  82  9:20  Marine x4  
  88  9:26  Medivac  
  90  9:32  Marine  
  90  9:33  Marine  
  90  9:38  Marine x2  
  94  9:46  Marine x2  
  94  9:50  Marine x2  
  98  9:55  Marine  
  98  9:56  Marine  
  100  10:04  Marine x2  
  102  10:08  Orbital Command, Marine x2  
  102  10:12  Refinery  
  102  10:13  Refinery, Marine x2  
  106  10:22  Marine x2, Medivac x2  
  106  10:26  Marine x2  
  114  10:31  Marine x2  
  114  10:32  Barracks  
  114  10:35  Barracks x2  
  116  10:36  Barracks  
  116  10:40  Marine x2  
  118  10:44  Marine x2  
  118  10:49  Marine x2  
  122  10:54  SCV  
  122  10:55  SCV x2  
  125  10:58  Marine x2  
  125  11:01  Marine  
  125  11:02  Marine  
  125  11:03  Medivac  
  125  11:04  Medivac  
  133  11:07  SCV x2  
  133  11:10  Marine x2  
  131  11:20  Marauder x2  
  116  11:30  Barracks Reactor x4, Marine  
  116  11:31  Marine x3  
  117  11:41  Marine x2  
  117  11:42  Medivac x2  
Show
View Real Time Build Order
Export as new Build Order

Donkz Protoss 

Build Orders: Oracle Opening, Phoenix Opening 

Get SALT Encoding   

  12  0:01  Probe (Chrono Boost)  
  13  0:11  Probe (Chrono Boost)  
  14  0:21  Pylon  
  14  0:23  Probe (Chrono Boost)  
  15  0:39  Probe (Chrono Boost)  
  15  0:40  Gateway  
  16  0:49  Assimilator, Probe (Chrono Boost)  
  17  0:57  Assimilator  
  17  1:00  Probe (Chrono Boost)  
  18  1:11  Pylon, Probe (Chrono Boost)  
  19  1:21  Probe (Chrono Boost)  
  20  1:28  Cybernetics Core  
  20  1:32  Probe (Chrono Boost)  
  21  1:42  Probe (Chrono Boost)  
  22  1:49  Pylon  
  22  1:53  Probe (Chrono Boost)  
  23  2:00  Stalker  
  25  2:15  Mothership Core (Chrono Boost), Stargate  
  27  2:26  Stalker  
  27  2:35  Probe (Chrono Boost)  
  30  2:47  Probe (Chrono Boost)  
  30  2:48  Pylon  
  32  2:58  Oracle  
  32  2:59  Probe (Chrono Boost)  
  35  3:11  Pylon, Probe (Chrono Boost)  
  37  3:34  Phoenix  
  37  3:35  Probe (Chrono Boost)  
  39  3:41  Stargate  
  39  3:48  Probe (Chrono Boost)  
  40  3:59  Nexus  
  40  4:00  Probe (Chrono Boost)  
  40  4:02  Phoenix  
  43  4:13  Probe (Chrono Boost)  
  45  4:25  Probe (Chrono Boost)  
  45  4:37  Probe (Chrono Boost)  
  46  4:39  Phoenix x2  
  50  4:49  Probe (Chrono Boost)  
  51  4:53  Nexus  
  52  5:01  Probe (Chrono Boost)  
  52  5:03  Protoss Air Weapons Level 1  
  52  5:10  Assimilator  
  52  5:13  Probe x2 (Chrono Boost)  
  54  5:15  Assimilator  
  54  5:24  Probe (Chrono Boost)  
  54  5:25  Probe (Chrono Boost)  
  56  5:35  Probe (Chrono Boost)  
  57  5:38  Probe (Chrono Boost)  
  57  5:41  Assimilator  
  58  5:45  Probe (Chrono Boost)  
  58  5:47  Assimilator  
  60  5:50  Probe (Chrono Boost)  
  60  5:56  Probe (Chrono Boost)  
  61  6:02  Probe (Chrono Boost)  
  61  6:03  Phoenix x2  
  66  6:05  Stargate  
  66  6:06  Probe x2 (Chrono Boost)  
  68  6:14  Probe (Chrono Boost)  
  68  6:16  Probe (Chrono Boost)  
  71  6:18  Probe (Chrono Boost)  
  71  6:22  Forge  
  72  6:26  Probe (Chrono Boost)  
  72  6:27  Probe (Chrono Boost)  
  72  6:28  Fleet Beacon  
  72  6:29  Probe (Chrono Boost)  
  74  6:49  Nexus  
  74  6:50  Protoss Shields Level 1  
  74  6:51  Protoss Air Armor Level 1  
  74  6:53  Assimilator  
  74  6:57  Assimilator  
  74  7:02  Pylon  
  74  7:06  Pylon  
  74  7:07  Anion Pulse-Crystals, Probe (Chrono Boost)  
  74  7:08  Probe (Chrono Boost)  
  76  7:09  Probe (Chrono Boost)  
  77  7:19  Probe x2 (Chrono Boost)  
  77  7:21  Probe (Chrono Boost)  
  80  7:28  Twilight Council  
  81  7:31  Cybernetics Core, Probe (Chrono Boost)  
  81  7:32  Probe (Chrono Boost)  
  81  7:33  Probe (Chrono Boost)  
  83  7:43  Probe (Chrono Boost)  
  83  7:44  Probe (Chrono Boost)  
  86  7:45  Probe (Chrono Boost)  
  86  7:52  Pylon  
  86  7:53  Pylon  
  86  7:56  Probe x2 (Chrono Boost)  
  86  7:58  Probe (Chrono Boost)  
  89  8:01  Probe (Chrono Boost)  
  90  8:08  Probe x2 (Chrono Boost)  
  90  8:10  Probe (Chrono Boost)  
  90  8:12  Probe (Chrono Boost)  
  91  8:17  Protoss Air Weapons Level 2  
  95  8:30  Carrier  
  95  8:32  Carrier  
  95  8:33  Carrier  
  109  8:41  Graviton Catapult  
  109  8:49  Stargate  
  109  8:50  Stargate  
  109  8:52  Stargate  
  109  8:55  Stargate  
  112  8:56  Probe x4 (Chrono Boost)  
  112  8:57  Pylon  
  112  8:58  Pylon  
  105  9:34  Carrier x2  
  123  9:39  Protoss Shields Level 2  
  123  9:49  Protoss Air Armor Level 2  
  123  9:55  Carrier  
  123  9:56  Carrier  
  123  9:58  Carrier  
  123  9:59  Carrier  
  147  10:12  Pylon  
  147  10:13  Pylon  
  147  10:15  Pylon  
  147  10:17  Pylon  
  147  10:19  Pylon  
  147  10:34  Carrier  
  153  10:36  Nexus  
  153  10:39  Pylon  
  153  10:42  Pylon  
  153  10:44  Assimilator  
  153  10:50  Assimilator  
  153  11:02  Photon Cannon x2  
  165  11:07  Photon Cannon  
  189  12:00  Stargate  
  189  12:01  Stargate  
Show
View Real Time Build Order
Export as new Build Order

Didi Protoss 

Build Orders:  

Get SALT Encoding   

  12  0:01  Probe (Chrono Boost)  
  13  0:12  Probe (Chrono Boost)  
  14  0:18  Pylon  
  14  0:27  Probe (Chrono Boost)  
  15  0:37  Probe (Chrono Boost)  
  16  0:44  Gateway  
  16  0:48  Probe (Chrono Boost)  
  17  0:58  Probe (Chrono Boost)  
  17  1:00  Assimilator  
  18  1:14  Pylon  
  18  1:15  Probe (Chrono Boost)  
  19  1:26  Probe (Chrono Boost)  
  20  1:35  Cybernetics Core  
  20  1:36  Probe (Chrono Boost)  
  21  1:42  Pylon  
  21  1:48  Gateway  
  21  1:58  Assimilator  
  21  1:59  Warp Gate  
  21  2:05  Gateway  
  21  2:15  Stalker  
  23  2:34  Probe (Chrono Boost)  
  23  2:35  Stalker  
  26  2:46  Probe (Chrono Boost)  
  27  2:54  Stalker  
  30  2:58  Probe (Chrono Boost)  
  30  3:11  Nexus  
  30  3:15  Pylon  
  30  3:28  Twilight Council  
  30  3:37  Gateway  
  30  3:39  Probe (Chrono Boost)  
  31  3:51  Probe (Chrono Boost)  
  32  4:00  Blink  
  32  4:03  Stalker  
  32  4:04  Stalker  
  36  4:16  Forge  
  36  4:26  Probe (Chrono Boost)  
  36  4:27  Probe (Chrono Boost)  
  38  4:36  Probe (Chrono Boost)  
  39  4:42  Stalker x2  
  44  4:46  Probe (Chrono Boost)  
  44  4:51  Stalker  
  46  4:54  Protoss Ground Weapons Level 1  
  46  4:57  Mothership Core (Chrono Boost)  
  48  5:04  Probe (Chrono Boost)  
  49  5:12  Photon Cannon  
  49  5:16  Probe x2 (Chrono Boost)  
  51  5:27  Photon Cannon  
  51  5:30  Pylon  
  51  5:33  Stalker  
  53  5:36  Stalker  
  53  5:41  Stalker  
  57  5:46  Stalker  
  59  6:01  Stalker x2  
  63  6:05  Probe (Chrono Boost)  
  63  6:07  Probe (Chrono Boost)  
  65  6:16  Probe (Chrono Boost)  
  66  6:25  Pylon  
  66  6:29  Pylon  
  66  6:37  Stalker x2  
  70  6:45  Pylon  
  70  6:47  Pylon  
  70  6:48  Probe (Chrono Boost)  
  70  6:49  Probe (Chrono Boost)  
  70  6:50  Pylon  
  72  6:54  Stalker x2  
  72  6:58  Probe (Chrono Boost)  
  77  7:02  Photon Cannon  
  77  7:06  Assimilator  
  77  7:10  Assimilator  
  77  7:15  Stalker x2  
  81  7:32  Stalker x2  
  85  7:37  Gateway  
  85  7:38  Probe (Chrono Boost)  
  85  7:39  Gateway  
  85  7:40  Probe (Chrono Boost)  
  85  7:42  Gateway  
  87  7:47  Stalker  
  87  7:48  Stalker, Probe (Chrono Boost)  
  90  8:22  Stalker x3  
  90  8:23  Stalker  
  98  8:47  Nexus  
  98  8:49  Pylon  
  98  8:50  Probe (Chrono Boost)  
  98  8:51  Pylon  
  98  8:52  Probe (Chrono Boost)  
  100  9:01  Probe (Chrono Boost)  
  101  9:03  Nexus  
  101  9:04  Probe (Chrono Boost)  
  102  9:11  Probe (Chrono Boost)  
  102  9:16  Stalker x2  
  102  9:17  Stalker x3  
  112  10:05  Nexus  
  112  10:08  Pylon x2  
  112  10:10  Pylon  
  112  10:12  Assimilator  
  112  10:15  Probe (Chrono Boost)  
  112  10:16  Probe (Chrono Boost)  
  112  10:17  Probe (Chrono Boost)  
  112  10:18  Assimilator  
  115  10:26  Probe x2 (Chrono Boost)  
  115  10:27  Stargate  
  118  10:29  Stargate, Probe (Chrono Boost)  
  118  10:31  Stargate  
  104  10:37  Probe (Chrono Boost)  
  104  10:41  Stalker x2  
  104  10:42  Stalker x3  
  113  10:46  Probe (Chrono Boost)  
  113  10:47  Probe (Chrono Boost)  
  113  10:48  Probe (Chrono Boost)  
  116  10:54  Assimilator  
  117  10:57  Probe (Chrono Boost)  
  117  10:58  Assimilator  
  117  11:01  Pylon  
  117  11:05  Probe (Chrono Boost)  
  117  11:07  Probe x2 (Chrono Boost)  
  120  11:13  Fleet Beacon  
  120  11:16  Probe (Chrono Boost)  
  121  11:31  Photon Cannon  
  122  11:33  Probe x3 (Chrono Boost)  
  122  11:34  Photon Cannon  
  122  11:35  Probe (Chrono Boost)  
  125  11:43  Probe x2 (Chrono Boost)  
  125  11:44  Probe (Chrono Boost)  
  125  11:47  Probe (Chrono Boost)  
  127  11:57  Probe x2 (Chrono Boost)  
  129  12:07  Stargate  
  147  12:10  Stargate  
  147  12:14  Pylon  
Tags
 
Add a new tag
Caveats
  • Supply blocks, unpowered buildings, or Contaminate may cause inaccurate times.
  • Supply counts are checked every 10 seconds.